Unix NetHack Version 5.0.0-0 post-release - last build May  3 2026 23:40:34 (9823c992c0763bbd039eca2974112f46eaf799b3,branch:main).

Game began 2026-05-04 15:54:48, ended 2026-05-04 16:27:08.

2459783kj, lawful female dwarven Valkyrie

                                        -------
                                        |.....|
                                        |.....-#
                                        |.....|#
                                        --|--.-
                  --------------          ####`
              ####-........@....#           #
             ##   |.......Z>...|#          ###
 ----------- #    |.....h......|#`#         #
 |=!(!?!?..| #    ------------.-##        ###
 |%!)?[%!".| #                ######      #
 |(%[??[]).-##                     #      #
 |())[?[!..|                       ##  ---.-
 |%!%%()!?.|                        #  |...|
 |"%!%!()*.|                        #  |..<|
 -----------                        #  |...|
                                    ###|...|
                                      #-...|
                                       -----

2459783kj the Skirmisher    St:18 Dx:13 Co:17 In:7 Wi:10 Ch:10  Lawful
Dlvl:4  $:48 HP:0(30) Pw:3(3) AC:6  Xp:3 T:2012 

Latest messages:
 You swap places with the peaceful hobbit.
 You descend the stairs.
 Your shrieker corpse rots away.
 You miss the gray ooze.
 You hit the gray ooze!
 You kill the gray ooze!
 You see here a scroll labeled ELAM EBOW.
 E - a scroll labeled ELAM EBOW.
 A board beneath you squeaks an E flat loudly.
 You see here a thick spellbook.
 F - a thick spellbook.
 You are beginning to feel hungry.
 What do you want to eat? [dxB or ?*] B
 This cream pie is delicious!
 You kill the newt!
 You hear someone cursing shoplifters.
 Really step onto that squeaky board? [yn] (n) n
 You hear someone cursing shoplifters.
 You miss the rock mole.
 You miss the rock mole.
 The rock mole bites!
 You hit the rock mole!
 You miss the rock mole.
 You miss the rock mole.
 The rock mole bites!
 You miss the rock mole.
 You miss the rock mole.
 The rock mole bites!
 You miss the rock mole.
 The rock mole bites!
 You miss the rock mole.
 The rock mole bites!
 You climb up the stairs.
 You swap places with the peaceful hobbit.
 You are beginning to feel hungry.
 What do you want to eat? [dx or ?*] x
 This lichen corpse tastes okay.
 You finish eating the lichen corpse.
 The orc zombie hits!
 The orc zombie hits!
 You hit the orc zombie.
 The orc zombie hits!
 You miss the orc zombie.
 The orc zombie hits!
 You die...
 Do you want your possessions identified? [ynq] (y) n
 Do you want to see your attributes? [ynq] (y) n
 Do you want an account of creatures vanquished? [ynaq] (y) n
 Do you want to see your conduct and achievements? [ynq] (y) n
 Do you want to see the dungeon overview? [ynq] (y) n

Inventory:
 Coins    ('$')
  $ - 48 gold pieces
 Weapons  (')')
  b - a +0 dagger (alternate weapon; not wielded)
  a - a +1 dwarvish spear (weapon in right hand)
  j - a +1 orcish dagger
  A - a +0 orcish spear
  D - a +0 scimitar
  y - a blessed rustproof +3 voulge
 Armor    ('[')
  e - an uncursed +0 orcish helm
  c - an uncursed +3 small shield (being worn)
  l - an uncursed +0 oilskin cloak
  n - an uncursed +0 studded leather armor
 Comestibles  ('%')
  d - 2 uncursed food rations
 Scrolls  ('?')
  C - a cursed scroll of food detection
  g - an uncursed scroll of gold detection
  E - an uncursed scroll of scare monster
 Spellbooks  ('+')
  F - an uncursed spellbook of cause fear
 Wands    ('/')
  q - a wand of lightning (0:5)
 Tools    ('(')
  s - a cursed skeleton key
  t - 4 uncursed tallow candles
  v - an uncursed tin whistle
 Gems/Stones  ('*')
  w - an uncursed worthless piece of green glass

2459783kj the Valkyrie's attributes:

Background:
 You were a Skirmisher, a level 3 dwarven Valkyrie.
 You were lawful, nominally on a mission for Tyr
 who was opposed by Odin (neutral) and Loki (chaotic).
 You were right-handed.
 You were in the Dungeons of Doom, on level 4.
 You entered the dungeon 2012 turns ago.
 There was a full moon in effect when your adventure ended.
 You had 77 experience points, 3 more were needed to attain level 4.

Basics:
 You had 0 out of 30 hit points.
 You had all 3 energy points (spell power).
 Your armor class was 6.
 Your wallet contained 48 zorkmids.
 Autopickup was off.

Final Characteristics:
 Your strength was 18 (limit:18/100).
 Your dexterity was 13 (peak:14, limit:20).
 Your constitution was 17 (limit:20).
 Your intelligence was 7 (limit:16).
 Your wisdom was 10 (limit:16).
 Your charisma was 10 (limit:16).

Final Status:
 You weren't hungry.
 You were unencumbered.
 You were wielding a spear.
 You had basic skill with spear.

Final Attributes:
 You were devoutly aligned.
 You were cold resistant.
 You had infravision.
 You were stealthy.
 You were lucky.
 You are dead.

Miscellaneous:
 You didn't encounter any bones levels.
 Total elapsed playing time was 32 minutes and 15 seconds.

Major events:
 Turn
    1: 2459783kj the lawful dwarven Valkyrie entered the dungeon
  903: entered the Gnomish Mines
 1471: attained the rank of Skirmisher (level 3)
 2012: killed by an orc zombie

You didn't know any spells.

Skills:
 Fighting Skills
   bare handed combat [Unskilled]
   two weapon combat  [Unskilled]
   riding             [Unskilled]
 Weapon Skills
   dagger             [Basic]
   axe                [Unskilled]
   pick-axe           [Unskilled]
   short sword        [Unskilled]
   broadsword         [Unskilled]
   long sword         [Unskilled]
   two-handed sword   [Unskilled]
   saber              [Unskilled]
   hammer             [Unskilled]
   quarterstaff       [Unskilled]
   polearms           [Unskilled]
   spear              [Basic]
   trident            [Unskilled]
   lance              [Unskilled]
   sling              [Unskilled]
 Spellcasting Skills
   attack spells      [Unskilled]
   escape spells      [Unskilled]

Voluntary challenges:
 Character rerolling was not enabled.
 You were an atheist.
 You were illiterate.
 You never genocided any monsters.
 You never polymorphed an object.
 You never changed form.
 You used no wishes.
Achievements:
 You entered a shop.
 You entered the Gnomish Mines.
 You attained the rank of Skirmisher.

 The Dungeons of Doom: levels 1 to 5
    Level 1:
    Level 2:
       A general store, an altar.
       Stairs down to The Gnomish Mines.
    Level 3:
       A fountain.
    Level 4: <- You were here.
       A general store.
       Final resting place for
          you, killed by an orc zombie.
    Level 5:
 The Gnomish Mines:
    Level 3:


Vanquished creatures:
  a shrieker
  a gray ooze
 an orc zombie
 an iguana
  a large kobold
  a cave spider
  5 gnomes
  2 geckos
 11 jackals
  a fox
  a kobold
  2 goblins
  a grid bug
  a bat
  3 lichens
  5 newts
38 creatures vanquished.

No species were genocided or became extinct.

Game over:
                       ----------
                      /          \
                     /    REST    \
                    /      IN      \
                   /     PEACE      \
                  /                  \
                  |    2459783kj     |
                  |      48 Au       |
                  | killed by an orc |
                  |      zombie      |
                  |                  |
                  |                  |
                  |       2026       |
                 *|     *  *  *      | *
        _________)/\\_//(\/(/\)/\//\/|_)_______

Farvel 2459783kj the Valkyrie...

You died in The Dungeons of Doom on dungeon level 4 with 552 points,
and 48 pieces of gold, after 2012 moves.
You were level 3 with a maximum of 30 hit points when you died.

